 Dungeon Crawl Stone Soup version 0.24-a0-584-g9d6b971ae4 (webtiles) character file.

Game seed: 14245279405489467866, levelgen mode: deterministic

133 Gargoyl the Skirmisher (level 4, -5/40 HPs)
             Began as a Centaur Abyssal Knight on Sept 5, 2019.
             Was a Believer of Lugonu.
             Killed by divine providence
             ... invoked by an orc priest
              (9 damage)
             ... on level 3 of the Dungeon.
             The game lasted 00:04:23 (3256 turns).

Gargoyl the Skirmisher (Centaur Abyssal Knight)     Turns: 3256, Time: 00:04:24

Health: -5/40      AC:  7    Str: 15    XL:     4   Next: 94%
Magic:  15/15      EV:  9    Int: 11    God:    Lugonu [**....]
Gold:   74         SH:  0    Dex:  9    Spells: 3/3 levels left

rFire    + . .     SeeInvis .   a - +1 hand axe
rCold    + + +     Gourm    .   (no shield)
rNeg     . . .     Faith    .   n - +2 leather armour {rC+}
rPois    .         Spirit   .   j - +0 helmet
rElec    .         Reflect  .   e - scarf {rC+ rF+}
rCorr    .         Harm     .   (no gloves)
MR       .....                  (no barding)
Stlth    ..........             (no amulet)
HPRegen  0.13/turn              g - ring of protection from cold
MPRegen  0.14/turn              l - ring of magical power

@: very quick
A: large, hooves 3, deformed body, speed 2, tough skin 3
a: Depart the Abyss, Bend Space, Renounce Religion


You were on level 3 of the Dungeon.
You worshipped Lugonu.
Lugonu was pleased with you.
You were hungry.

You visited 1 branch of the dungeon, and saw 3 of its levels.
You visited the Abyss 1 time.

You collected 74 gold pieces.

Inventory:

Hand Weapons
 a - a +1 hand axe (weapon)
Armour
 e - a scarf of resistance (worn)
 j - a +0 helmet (worn)
 n - a +2 leather armour of cold resistance (worn)
Jewellery
 g - a ring of protection from cold (left hand)
 l - a ring of magical power (right hand)
Scrolls
 d - 2 scrolls of immolation {unknown}
 h - 2 scrolls of identify {unknown}
 i - a scroll of blinking {unknown}
Potions
 f - 2 potions of curing {unknown}
 k - a potion of heal wounds {unknown}
Comestibles
 c - 5 rations


   Skills:
 + Level 3.7 Fighting
 + Level 2.7 Axes
 * Level 2.2 Armour
 * Level 1.4 Dodging
 * Level 2.6 Invocations


You had 3 spell levels left.
You didn't know any spells.
Your spell library contained the following spells:

 Spells                   Type           Power        Failure   Level  Hunger
 Confusing Touch          Hex            #.....       41%         1    ##.....
 Sandblast                Erth           #.....       41%         1    ##.....
 Passwall                 Tmut/Erth      #.......     54%         2    ###....
 Confuse                  Hex            #.......     78%         3    ####...
 Gell's Gravitas          Tloc           #.........   78%         3    ####...
 Stone Arrow              Conj/Erth      #.....       78%         3    ####...
 Petrify                  Tmut/Erth      #.......     99%         4    #####..
 Lee's Rapid Deconstruct  Erth           #.........   100%        5    ######.
 Metabolic Englaciation   Hex/Ice        #.........   100%        5    ######.
 Yara's Violent Unravell  Hex/Tmut       #.........   100%        5    ######.


Dungeon Overview and Level Annotations

Branches:
Dungeon (3/15)

Altars:


Innate Abilities, Weirdness & Mutations

You have hooves in place of feet.
Armour fits poorly on your strangely shaped body.
You cover ground very quickly.
You have extremely tough skin. (AC +3)


Message History

Unknown command.
You hit the orc priest but do no damage.
The orc priest is heavily wounded.
You barely miss the orc. The orc misses you.
The orc priest hits you but does no damage.
The orc hits you.
Unknown command.
You barely miss the orc priest.
The orc priest is heavily wounded.
You closely miss the orc.
The orc priest calls down the wrath of Beogh upon you.
Beogh smites you!
* * * LOW HITPOINT WARNING * * *
The orc closely misses you.
You closely miss the orc priest. You kick the orc priest.
The orc priest is severely wounded.
You hit the orc but do no damage.
The orc priest calls down the wrath of Beogh upon you.
Beogh smites you!
You die...

########.# #.# $#
#.####)#
#......######## #.#
######..............
..#
.........#.#.########
#.# ####....o.).#.##
#.#
#.##..##.##.#########.#
#. #....oo..........#.#
# #..##@##.#######.#.#
#.#.#.#.## #...#
#.##...## #..##
..###.## #..# .#.# #.#
#..# #.#.# #.# #..# .
#.# #.# #))# ## #.# #.#
#..# #.# #.# #..#


You could see an orc priest and an orc.

Vanquished Creatures
  An orc wizard (D:2)
  2 adders
  An ooze (D:2)
  A worm (D:2)
  3 dart slugs
  2 leopard geckos (D:2)
  7 orcs
  4 giant cockroaches
  7 goblins
  4 hobgoblins
  10 jackals
  A quokka (D:2)
  3 bats
  3 frilled lizards
  6 kobolds
  6 rats
61 creatures vanquished.

Notes
Turn   | Place    | Note
-------+----------+-------------------------------------------
     0 | Abyss:1  | Gargoyl the Centaur Abyssal Knight began the quest for the
                  | Orb.
     0 | Abyss:1  | Reached XP level 1. HP: 19/19 MP: 2/2
    65 | Abyss:1  | Noticed a small abomination
    70 | Abyss:1  | Noticed a starcursed mass
   104 | Abyss:1  | Noticed a small abomination
   166 | Abyss:1  | Noticed a wretched star
   167 | D:1      | Escaped the Abyss
   188 | D:1      | Reached * piety under Lugonu
   485 | D:1      | Reached XP level 2. HP: 25/26 MP: 3/3
   733 | D:1      | Reached skill level 1 in Dodging
  1098 | D:1      | Reached XP level 3. HP: 21/31 MP: 4/4
  1242 | D:1      | You fall into a shaft and drop 1 floor!
  2097 | D:2      | Reached ** piety under Lugonu
  2260 | D:2      | Reached XP level 4. HP: 38/39 MP: 5/5
  3256 | D:3      | Killed from afar by an orc priest

Levels and vault maps discovered:
D:1:      dpeg_arrival_pits, layout_loops_corners
D:2:      layout_basic
D:3:      layout_loops_ring, first_ration, uniq_robin

Skill      XL: |  1  2  3 |
---------------+----------+-----
Dodging        | 1 |  1.4
Axes           | 2 |  2.7
Armour         | 2 |  2.2
Fighting       | |  3.7
Invocations    | |  2.6

Action                   |  1- 3 |  4- 6 || total
-------------------------+-------+-------++-------
Melee: Hand axe          |   122 |    57 ||   179
       Kick              |    18 |    10 ||    28
Invok: Depart the Abyss  |     1 |       ||     1
  Eat: Chunk             |     2 |     3 ||     5
Armor: Leather armour    |    50 |    20 ||    70
Dodge: Dodged            |    71 |    28 ||    99

Table legend:
 A = Non-vault XP
 B = Vault XP
 C = Vault XP percentage of total XP
 D = Non-vault monster count
 E = Vault monster count
 F = Vault count percentage of total count
                 A         B        C        D         E       F
            +---------+---------+-------+---------+---------+-------
      Total |     191 |       0 |   0.0 |      61 |       0 |   0.0
            +---------+---------+-------+---------+---------+-------
        D:1 |      43 |       0 |   0.0 |      24 |       0 |   0.0
        D:2 |     109 |       0 |   0.0 |      26 |       0 |   0.0
        D:3 |      39 |       0 |   0.0 |      11 |       0 |   0.0
            +---------+---------+-------+---------+---------+-------
